[ AOE2 MATCH · #480309807 ]
1v1 RMChinese vs Georgians
Player's team · LOSS
Rival team · WIN
[ REPLAY ANALYSIS · EXTRACTED FROM THE RECORDED GAME ]
Feudal
11:43
Castle
24:56
Imperial
—
| APM avg | 12.3 |
| APM peak | 23 |
| eAPM avg | 8.0 |
| Villagers / military | 47 / 43 |
Focus
⚔️ 23.5% · 🌾 76.5%
Spearman ×19 · Fire Lancer ×13 · Archer ×9 · Militia ×2
Feudal
10:12
Castle
20:32
Imperial
—
| APM avg | 17.2 |
| APM peak | 32 |
| eAPM avg | 9.8 |
| Villagers / military | 82 / 39 |
Focus
⚔️ 23.3% · 🌾 76.7%
Knight ×30 · Scout Cavalry ×4 · Monk ×3 · Mangonel ×2
Match map
Initial resources + every placement click. Lines = walls · curves = elevation contours. ◆ gold · ⬟ stone · ● berries · ✦ relic · ◌ wall gap
Your base· Open — unwalled flank
SamuHosp1's base· Open — 15t gap
Smoothed initial terrain · ◌ = detected wall gap · hover for details
Inputs per minute
— inunezportela - - SamuHosp1
Build order — inunezportela
118 actions detected in the replay
| 0:04 | Research | Loom |
| 1:01 | Create | Villager (Male) |
| 2:12 | Build | House |
| 2:16 | Create | Villager (Male) |
| 2:17 | Create | Villager (Male) |
| 2:40 | Create | Villager (Male) |
| 2:49 | Build | Lumber Camp |
| 3:08 | Create | Villager (Male) |
| 3:30 | Create | Villager (Male) |
| 4:00 | Create | Villager (Male) |
| 4:24 | Create | Villager (Male) |
| 5:11 | Create | Villager (Male) |
| 5:41 | Create | Villager (Male) |
| 6:02 | Create | Villager (Male) |
| 6:23 | Build | Mill |
| 6:31 | Create | Villager (Male) |
| 7:03 | Build | House |
| 7:40 | Create | Villager (Male) |
| 7:44 | Create | Villager (Male) |
| 8:30 | Create | Villager (Male) |
| 9:14 | Build | Mill |
| 9:25 | Build | Mining Camp |
| 9:33 | Research | Feudal Age |
| 9:50 | Build | Lumber Camp |
| 10:34 | Build | House |
| 10:39 | Build | Barracks |
| 11:18 | Build | House |
| 11:19 | Build | House |
| 11:27 | Build | House |
| 11:43 | Age | Feudal Age |
| 11:49 | Create | Villager (Male) ×5 |
| 11:56 | Research | Double-Bit Axe |
| 12:00 | Research | Gold Mining |
| 12:26 | Build | Blacksmith |
| 12:33 | Build | House |
| 12:38 | Create | Spearman |
| 12:54 | Create | Villager (Male) |
| 13:28 | Create | Villager (Male) |
| 13:35 | Create | Spearman |
| 13:59 | Build | Archery Range |
| 14:04 | Create | Villager (Male) |
| 14:17 | Build | Farm |
| 14:36 | Build | Farm |
| 14:39 | Build | Farm |
| 14:43 | Build | Farm |
| 15:02 | Create | Villager (Male) |
| 15:06 | Create | Archer |
| 15:59 | Create | Spearman |
| 15:59 | Create | Spearman |
| 16:06 | Create | Archer |
| 16:07 | Create | Archer |
| 16:43 | Build | Farm |
| 16:50 | Create | Spearman |
| 17:27 | Create | Spearman |
| 17:32 | Create | Archer |
| 17:32 | Create | Archer |
| 17:55 | Create | Archer |
| 18:08 | Create | Villager (Male) |
| 18:08 | Create | Villager (Male) |
| 18:30 | Create | Militia |
| 18:31 | Create | Militia |
| 18:38 | Create | Spearman |
| 18:39 | Create | Spearman |
| 18:45 | Research | Fletching |
| 19:04 | Build | House |
| 19:06 | Build | House |
| 19:10 | Create | Spearman |
| 20:09 | Build | House |
| 20:11 | Build | House |
| 20:12 | Build | House |
| 20:42 | Research | Padded Archer Armor |
| 22:16 | Research | Castle Age |
| 22:30 | Build | Barracks |
| 22:57 | Build | House |
| 22:58 | Build | House |
| 23:00 | Build | House |
| 23:02 | Build | House |
| 23:17 | Build | House |
| 23:19 | Build | House |
| 23:20 | Build | House |
| 23:40 | Build | House |
| 24:12 | Build | Mining Camp |
| 24:28 | Build | Stone Wall |
| 24:41 | Build | Gate |
| 24:56 | Age | Castle Age |
| 24:59 | Research | Wheelbarrow |
| 25:01 | Create | Villager (Male) ×3 |
| 25:19 | Create | Fire Lancer ×5 |
| 26:14 | Build | House |
| 26:35 | Build | House |
| 26:54 | Research | Squires |
| 27:07 | Build | Town Center |
| 28:24 | Build | House |
| 28:41 | Create | Villager (Male) ×5 |
| 29:14 | Research | Stone Mining |
| 29:39 | Create | Villager (Male) |
| 29:47 | Build | Farm |
| 29:49 | Build | Farm |
| 29:50 | Build | Farm |
| 29:51 | Build | Farm |
| 29:53 | Build | Farm |
| 30:53 | Research | Pikeman (upgrade) |
| 30:57 | Create | Villager (Male) |
| 30:57 | Create | Villager (Male) |
| 31:11 | Build | Farm |
| 31:20 | Build | Farm |
| 31:21 | Build | Farm |
| 31:22 | Build | Farm |
| 31:24 | Build | Farm |
| 31:28 | Build | Farm |
| 31:38 | Create | Spearman ×5 |
| 31:43 | Create | Fire Lancer ×4 |
| 32:32 | Create | Archer ×3 |
| 32:57 | Create | Spearman ×5 |
| 33:35 | Build | Castle |
| 33:47 | Create | Fire Lancer ×4 |
| 35:16 | Create | Villager (Male) ×5 |
| 35:20 | Create | Villager (Male) ×5 |
Build order — SamuHosp1
First 150 of 203 actions detected
| 0:01 | Create | Villager (Male) |
| 0:01 | Create | Villager (Male) |
| 0:02 | Create | Villager (Male) |
| 0:02 | Create | Villager (Male) |
| 0:04 | Build | House |
| 0:06 | Build | House |
| 1:33 | Create | Villager (Male) |
| 1:54 | Create | Villager (Male) |
| 2:23 | Create | Villager (Male) |
| 2:34 | Create | Villager (Male) |
| 3:07 | Create | Villager (Male) |
| 3:42 | Create | Villager (Male) |
| 3:53 | Build | House |
| 4:12 | Create | Villager (Male) |
| 4:13 | Create | Villager (Male) |
| 4:20 | Build | Mill |
| 5:06 | Create | Villager (Male) |
| 5:07 | Create | Villager (Male) |
| 5:54 | Create | Villager (Male) |
| 6:10 | Create | Villager (Male) |
| 6:56 | Research | Loom |
| 7:55 | Build | Barracks |
| 8:02 | Research | Feudal Age |
| 8:47 | Create | Villager (Male) |
| 8:47 | Create | Villager (Male) |
| 9:04 | Build | Mule Cart |
| 9:10 | Build | House |
| 10:12 | Age | Feudal Age |
| 10:20 | Build | Stable |
| 10:26 | Create | Villager (Male) |
| 10:54 | Build | House |
| 10:59 | Create | Villager (Male) |
| 11:16 | Create | Scout Cavalry |
| 11:16 | Create | Scout Cavalry |
| 11:40 | Create | Villager (Male) |
| 11:50 | Build | House |
| 11:51 | Create | Scout Cavalry |
| 12:22 | Build | Farm |
| 12:24 | Build | Farm |
| 12:28 | Research | Double-Bit Axe |
| 12:30 | Create | Scout Cavalry |
| 12:33 | Build | House |
| 12:53 | Build | Farm |
| 13:06 | Research | Bloodlines |
| 13:10 | Build | House |
| 13:29 | Create | Villager (Male) |
| 13:40 | Build | Farm |
| 13:46 | Build | Blacksmith |
| 14:00 | Create | Villager (Male) |
| 14:01 | Create | Villager (Male) |
| 14:20 | Build | Farm |
| 14:25 | Build | Farm |
| 14:34 | Create | Villager (Male) |
| 14:40 | Build | House |
| 14:42 | Research | Forging |
| 14:49 | Create | Villager (Male) |
| 16:04 | Build | House |
| 16:09 | Build | Farm |
| 16:17 | Build | Farm |
| 16:22 | Build | Farm |
| 16:26 | Research | Horse Collar |
| 16:41 | Build | Farm |
| 16:45 | Build | House |
| 17:52 | Research | Castle Age |
| 17:55 | Build | Farm |
| 17:59 | Build | Farm |
| 18:13 | Build | Farm |
| 18:15 | Build | Farm |
| 18:42 | Build | Farm |
| 19:00 | Research | Scale Barding Armor |
| 20:01 | Build | Outpost |
| 20:06 | Create | Villager (Male) |
| 20:06 | Create | Villager (Male) |
| 20:32 | Age | Castle Age |
| 20:40 | Build | Town Center |
| 20:59 | Create | Knight |
| 20:59 | Create | Knight |
| 21:00 | Create | Knight |
| 21:26 | Create | Knight |
| 22:11 | Create | Knight |
| 22:29 | Build | Monastery |
| 22:39 | Create | Villager (Male) |
| 22:39 | Create | Villager (Male) |
| 22:42 | Create | Villager (Male) |
| 22:42 | Create | Villager (Male) |
| 22:51 | Create | Knight |
| 23:05 | Research | Bow Saw |
| 23:08 | Create | Villager (Male) |
| 23:26 | Create | Villager (Male) |
| 23:27 | Create | Villager (Male) |
| 23:43 | Build | Farm |
| 23:48 | Build | Farm |
| 23:52 | Build | Farm |
| 23:56 | Build | Farm |
| 24:00 | Create | Villager (Male) |
| 24:00 | Create | Villager (Male) |
| 24:01 | Create | Villager (Male) |
| 24:02 | Create | Villager (Male) |
| 24:05 | Create | Monk |
| 24:15 | Build | Stable |
| 24:40 | Research | Husbandry |
| 24:47 | Create | Villager (Male) |
| 24:48 | Create | Villager (Male) |
| 25:10 | Create | Villager (Male) |
| 25:12 | Create | Villager (Male) |
| 25:24 | Create | Villager (Male) |
| 25:24 | Create | Villager (Male) |
| 25:32 | Create | Villager (Male) |
| 25:44 | Research | Gold Mining |
| 25:47 | Research | Heavy Plow |
| 25:48 | Create | Villager (Male) |
| 25:49 | Create | Villager (Male) |
| 25:57 | Create | Villager (Male) |
| 25:58 | Create | Villager (Male) |
| 26:01 | Create | Knight |
| 26:01 | Create | Knight |
| 26:18 | Build | Farm |
| 26:20 | Build | Farm |
| 26:22 | Build | Farm |
| 26:32 | Create | Monk |
| 26:38 | Build | House |
| 26:42 | Research | Chain Barding Armor |
| 26:48 | Create | Villager (Male) |
| 27:06 | Create | Knight |
| 27:15 | Build | House |
| 27:16 | Create | Knight |
| 27:30 | Create | Villager (Male) |
| 27:31 | Create | Villager (Male) |
| 27:37 | Create | Knight |
| 27:43 | Create | Villager (Male) |
| 27:44 | Create | Villager (Male) |
| 27:57 | Build | Farm |
| 28:00 | Build | Farm |
| 28:01 | Build | Farm |
| 28:55 | Create | Villager (Male) |
| 28:56 | Create | Villager (Male) |
| 29:06 | Build | House |
| 29:08 | Create | Knight |
| 29:08 | Create | Knight |
| 29:09 | Create | Knight |
| 29:09 | Create | Knight |
| 29:10 | Create | Villager (Male) |
| 29:11 | Create | Villager (Male) |
| 29:40 | Build | Mill |
| 29:45 | Build | Farm |
| 29:46 | Build | Farm |
| 29:47 | Build | Farm |
| 29:51 | Create | Villager (Male) |
| 29:52 | Create | Villager (Male) |
| 30:08 | Create | Villager (Male) |
Match timeline
| 7:55 | SamuHosp1 · first_building Barracks |
| 10:12 | SamuHosp1 · age_up feudal |
| 10:20 | SamuHosp1 · first_building Stable |
| 10:39 | inunezportela · first_building Barracks |
| 11:43 | inunezportela · age_up feudal |
| 13:59 | inunezportela · first_building Archery Range |
| 20:32 | SamuHosp1 · age_up castle |
| 22:29 | SamuHosp1 · first_building Monastery |
| 24:28 | inunezportela · wall_segment Stone Wall x13 |
| 24:56 | inunezportela · age_up castle |
| 31:32 | SamuHosp1 · first_building Siege Workshop |
| 33:35 | inunezportela · first_building Castle |
| 36:05 | inunezportela · resign |
[ AI ANALYSIS · 1 CREDIT ]
What really happened in this match?
Wolo.gg analyzes every decision: build order, eco, micro, common mistakes by bracket. Personalized analysis on WhatsApp or Discord in 30 seconds.
Civ guide
Chinese
Map guide
Arabia
Perfil
Jugador #2083887